 Dungeon Crawl Stone Soup version 0.29.0-4-gdea44cf6ec (webtiles) character file.

Game seed: 3058954498599837041

1172 adizb the Skirmisher (level 8, -4/49 HPs)
             Began as a Tengu Hunter on Aug 27, 2022.
             Was a Follower of Ru.
             Slain by a black bear (6 damage)
             ... on level 6 of the Dungeon.
             The game lasted 00:23:27 (4128 turns).

adizb the Skirmisher (Tengu Hunter)                 Turns: 4128, Time: 00:23:28

Health: -4/49      AC:  3    Str: 12    XL:     8   Next: 41%
Magic:  9/9        EV: 17    Int: 10    God:    Ru [*.....]
Gold:   376        SH:  0    Dex: 19    Spells: 7/7 levels left

rFire   . . .      SeeInvis .   o - +1 dagger (venom)
rCold   + . .      Faith    .   (no shield)
rNeg    . . .      Spirit   .   c - +0 leather armour
rPois   .          Reflect  .   (helmet restricted)
rElec   .          Harm     .   (no cloak)
rCorr   .          Rampage  .   (no gloves)
Will    .....                   (boots unavailable)
Stlth   ++........              (no amulet)
HPRegen 0.16/turn               m - ring of protection from cold
MPRegen 0.11/turn               (no ring)

@: flying quickly and evasively, quick
A: beak, talons 3, no poison magic, no translocations magic, no transmutations
magic, nimble flight
a: Renounce Religion


You were on level 6 of the Dungeon.
You worshipped Ru.
Ru was aware of your devotion.
You visited 1 branch of the dungeon, and saw 6 of its levels.

You collected 436 gold pieces.
You spent 60 gold pieces at shops.

Inventory:

Hand Weapons
 a - a +0 shortbow
 o - a +1 dagger of venom (weapon)
Armour
 c - a +0 leather armour (worn)
 h - an orb of wrath
Jewellery
 m - a ring of protection from cold (left hand)
Scrolls
 b - 3 scrolls of immolation
 f - 3 scrolls of teleportation
 g - 2 scrolls of enchant weapon
 k - a scroll of amnesia
 l - 3 scrolls of poison
 p - 2 scrolls of identify
Potions
 d - a potion of lignification
 e - a potion of degeneration {unknown}
 i - 2 potions of curing
 j - 3 potions of haste
 n - a potion of attraction {unknown}
 q - 2 potions of flight {unknown}
 r - a potion of ambrosia
 s - a potion of invisibility {unknown}


   Skills:
 + Level 5.1 Fighting
 + Level 0.9 Short Blades
 * Level 8.7 Ranged Weapons
 + Level 5.6 Dodging
 - Level 1.0 Stealth


You had 7 spell levels left.
You didn't know any spells.
Your spell library contained the following spells:

 Spells                   Type           Power      Damage    Failure   Level
 Ozocubu's Refrigeration  Ice            0%         4d7       100%        7
 Ignition                 Fire           0%         3d3       100%        8
 Gell's Gravitas          Tloc           Unusable   N/A       N/A         3
 Teleport Other           Tloc           Unusable   N/A       N/A         3
 Olgreb's Toxic Radiance  Pois           Unusable   N/A       N/A         4
 Dispersal                Tloc           Unusable   N/A       N/A         6

Dungeon Overview and Level Annotations

Branches:
Dungeon (6/15)
 Temple: D:4-7

Altars:
Elyvilon
Qazlal
Ru
Wu Jian

Shops:
D:1 ?   D:4 =   D:5 :


Innate Abilities, Weirdness & Mutations

You have a beak for a mouth.
You have claws for feet.
You cannot study or cast Poison magic.
You cannot study or cast Translocations magic.
You cannot study or cast Transmutations magic.
Your magical nature lets you fly swiftly and evasively.


Message History

The ice beast misses you. The ice beast completely misses you.
You kill the ice beast!
You completely miss the black bear. You claw the black bear.
You peck the black bear, but do no damage.
The black bear is lightly wounded.
You closely miss the black bear. You claw the black bear.
You peck the black bear, but do no damage.
The black bear is moderately wounded.
The black bear completely misses you. The black bear barely misses you.
The black bear claws you.
You hit the black bear but do no damage.
The black bear is poisoned.
Your kick misses the black bear.
The black bear is moderately wounded.
The black bear bites you. The black bear barely misses you.
The black bear misses you.
You barely miss the black bear. You claw the black bear!
The black bear is heavily wounded.
The black bear bites you! The black bear misses you. The black bear claws you.
You barely miss the black bear. Your kick misses the black bear.
You peck the black bear.
The black bear is heavily wounded.
The black bear barely misses you. The black bear claws you. x2
You barely miss the black bear. You claw the black bear.
The black bear is severely wounded.
The black bear goes berserk!
The black bear is stunned by your conviction and fails to attack.
The black bear attacks as you move away!
The black bear closely misses you. The black bear claws you.
The black bear barely misses you.
The black bear attacks as you move away!
The black bear misses you. The black bear completely misses you.
The black bear claws you but does no damage.
The black bear bites you!
* * * LOW HITPOINT WARNING * * *
The black bear claws you.
* * * LOW HITPOINT WARNING * * *
The black bear claws you but does no damage.
The black bear bites you.
You die...

.........>..##
......##.....#
.#...##......####
##..####.......##
................## .
..#..##.....##...# # ..
##.##..........# .##.
..##..##.h.........
....##.....##.@.........
....... #..............#
.......##.............##
....>...........##...##
..............## ####
###.........###
#..........)####
#...............
#...........##


You could see a black bear (berserk, poisoned).

Vanquished Creatures
  Grinder (D:4)
  Sigmund (D:4)
  Menkaure (D:4)
  A black bear (D:4)
  An ice beast (D:6)
  2 centaurs (D:5)
  A scorpion (D:5)
  A jelly (D:5)
  A hound (D:6)
  Ijyb (D:4)
  Robin (D:4)
  6 adders
  4 gnolls (D:2)
  A white imp (D:5)
  2 dart slugs (D:4)
  3 worms
  2 orcs
  6 ball pythons
  5 endoplasms
  4 giant cockroaches
  12 goblins
  10 hobgoblins
  10 jackals
  3 kobolds
  5 quokkas
  5 bats
  2 frilled lizards
  2 rats
94 creatures vanquished.

Notes
Turn   | Place    | Note
-------+----------+-------------------------------------------
     0 | D:1      | adizb the Tengu Hunter began the quest for the Orb.
     0 | D:1      | Reached XP level 1. HP: 12/12 MP: 2/2
   217 | D:1      | Reached XP level 2. HP: 17/17 MP: 3/3
   372 | D:1      | You fall into a shaft and drop 1 floor!
   426 | D:2      | Reached XP level 3. HP: 12/22 MP: 4/4
   457 | D:2      | Reached skill level 5 in Ranged Weapons
   754 | D:2      | Reached XP level 4. HP: 22/27 MP: 5/5
  1013 | D:1      | Found Buebisaef's Magic Scroll Shop.
  1022 | D:1      | Bought a scroll of identify for 20 gold pieces
  1022 | D:1      | Bought a scroll of identify for 20 gold pieces
  1022 | D:1      | Bought a scroll of identify for 20 gold pieces
  1147 | D:1      | Found a faded altar of an unknown god.
  1554 | D:3      | Found a sacrificial altar of Ru.
  1566 | D:3      | Became a worshipper of Ru the Awakened
  1645 | D:3      | Gained mutation: Your magical nature lets you fly swiftly
                  | and evasively. [Tengu growth]
  1645 | D:3      | Reached XP level 5. HP: 31/32 MP: 6/6
  1719 | D:3      | Found an ornate altar of the Wu Jian Council.
  1738 | D:4      | Found a white marble altar of Elyvilon.
  1759 | D:4      | Noticed Ijyb
  1812 | D:4      | Killed Ijyb
  1985 | D:4      | Noticed a black bear
  2040 | D:4      | Reached skill level 6 in Ranged Weapons
  2504 | D:4      | Noticed Grinder
  2519 | D:4      | Paralysed by Grinder for 5 turns
  2531 | D:4      | Killed Grinder
  2532 | D:4      | Reached XP level 6. HP: 33/38 MP: 7/7
  2537 | D:4      | Gained mutation: You cannot study or cast Poison magic. [Ru
                  | sacrifice]
  2537 | D:4      | Gained mutation: You cannot study or cast Transmutations
                  | magic. [Ru sacrifice]
  2537 | D:4      | Gained mutation: You cannot study or cast Translocations
                  | magic. [Ru sacrifice]
  2537 | D:4      | Reached * piety under Ru
  2541 | D:4      | Noticed Robin
  2771 | D:4      | Killed Robin
  2838 | D:4      | Killed a black bear
  2839 | D:4      | Reached skill level 7 in Ranged Weapons
  2839 | D:4      | Reached XP level 7. HP: 34/43 MP: 8/8
  2885 | D:4      | Identified the +4 lajatang "Zigig" {spect, rElec rC+ Int+3}
  2955 | D:4      | Found Gytax's Jewellery Shoppe.
  2958 | D:4      | Noticed Menkaure
  2977 | D:4      | Killed Menkaure
  3012 | D:4      | Found a stormy altar of Qazlal.
  3013 | D:4      | Noticed Sigmund
  3448 | D:4      | Killed Sigmund
  3449 | D:4      | Reached skill level 5 in Dodging
  3525 | D:5      | Entered Level 5 of the Dungeon
  3570 | D:5      | Reached skill level 8 in Ranged Weapons
  3570 | D:5      | Reached XP level 8. HP: 22/48 MP: 9/9
  3609 | D:5      | Found Ruroses's Book Boutique.
  3767 | D:5      | Reached skill level 5 in Fighting
  4126 | D:6      | HP: 1/49 [black bear (5)]
  4128 | D:6      | Slain by a black bear

Illustrated notes

Levels and vault maps discovered:
D:1:      psy_arrival_whirlpool, layout_basic, ebering_ecumenical_altar_mist,
          serial_shops, nicolae_shop_statue_plus
D:2:      layout_basic, minmay_surrounded
D:3:      layout_basic, nicolae_wu_jian_glorious_leap, lemuel_crystal_altar
D:4:      layout_gridville, lemuel_crystal_altar,
          nicolae_qazlal_eye_of_the_storm, serial_rivers,
          chequers_serial_rivers_room_a, chequers_serial_rivers_room_b,
          chequers_serial_rivers_micro_c, chequers_serial_rivers_small_3,
          chequers_serial_rivers_small_b, chequers_serial_rivers_micro_a,
          serial_shops, nicolae_stop_n_shop_1, uniq_grinder, uniq_robin,
          uniq_ijyb, uniq_sigmund, uniq_menkaure
D:5:      layout_loops_ring, serial_shops, shop_coins
D:6:      layout_cave_pools, grunt_dithmenos_shadows, temple_doors_e,
          cheibrodos_sewer_entry_sluice, ebering_ghost_reflecting_pool

Skill      XL: |  1  2  3  4  5  6  7  8 |
---------------+-------------------------+-----
Ranged Weapons | 5 6 7 8 |  8.7
Dodging        | 3 4 5 |  5.6
Fighting       | 3 4 5 |  5.1
Short Blades   | |  0.9
Stealth        | |  1.0

Action                   |  1- 3 |  4- 6 |  7- 9 || total
-------------------------+-------+-------+-------++-------
Melee: Dagger            |       |    17 |    21 ||    38
       Peck              |       |     3 |     7 ||    10
       Kick              |       |     7 |    10 ||    17
       Unarmed           |       |     4 |       ||     4
       Punch             |       |       |     1 ||     1
 Fire: Shortbow          |    65 |   162 |    56 ||   283
Invok: Sacrifice Arcana  |       |     1 |       ||     1
  Use: Scroll            |       |     6 |     2 ||     8
 Stab: Sleeping          |       |       |     1 ||     1
Armor: Leather armour    |     6 |    14 |     7 ||    27
Dodge: Dodged            |    19 |    71 |    35 ||   125
